 Dungeon Crawl Stone Soup version 0.32-a0-520-g344ed53f66 (webtiles) character file.

Game seed: 6404797357653251098

9018 lunkers the Carver (level 11, -8/84 HPs)
             Began as a Mountain Dwarf Fire Elementalist on Feb 27, 2024.
             Killed from afar by a gargoyle (26 damage)
             ... with a stone arrow
             ... on level 10 of the Dungeon.
             The game lasted 00:20:06 (10790 turns).

lunkers the Carver (MDFE)                          Turns: 10790, Time: 00:20:07

Health: -8/84      AC:  8    Str: 26    XL:     11   Next: 17%
Magic:  13/13      EV: 16    Int: 16    God:
Gold:   1355       SH: 10    Dex: 16    Spells: 10/13 levels left

rFire   . . .        f - +4 double sword of Mayhem {drain, rElec Str+6}
rCold   . . .        H - +0 buckler
rNeg    + . .        E - +0 steam dragon scales
rPois   .            (no helmet)
rElec   +            y - +0 cloak
rCorr   .            (no gloves)
SInv    +            x - +1 pair of boots of Immorality {Rampage Str+5}
Will    +....        j - amulet of reflection
Stlth   ++           K - ring "Nikenui" {rElec rN+ Dex+6 SInv}
HPRegen 0.34/turn    C - +5 ring of evasion
MPRegen 0.13/turn

%: reflection, rampage
@: slowed, very slow
A: runic magic, artefact enchanting
a: no special abilities


You were on level 10 of the Dungeon.
You visited 1 branch of the dungeon, and saw 10 of its levels.

You collected 1355 gold pieces.

Inventory:

Hand Weapons
 c - a +0 dagger
 f - the +4 double sword of Mayhem (weapon) {drain, rElec Str+6}
   (You acquired it on level 2 of the Dungeon)

   Str+6:     It affects your strength (+6).
   rElec:     It insulates you from electricity.
Missiles
 F - a throwing net
Armour
 d - a +1 pair of boots
 e - a +0 ring mail
 x - the +1 pair of boots of Immorality (worn) {Rampage Str+5}
   (You acquired it on level 8 of the Dungeon)

   Str+5:     It affects your strength (+5).
   Rampage:   It bestows one free step when moving towards enemies.
 y - a +0 cloak (worn)
 E - +0 steam dragon scales (worn)
 H - a +0 buckler (worn)
Jewellery
 g - a ring of resist corrosion
 j - an amulet of reflection (around neck)
 m - a ring of protection from fire
 t - an amulet of guardian spirit
 w - an amulet of faith
 C - a +5 ring of evasion (right hand)
 K - the ring "Nikenui" (left hand) {rElec rN+ Dex+6 SInv}
   (You acquired it on level 9 of the Dungeon)

   [ring of positive energy]

   Dex+6:     It affects your dexterity (+6).
   rElec:     It insulates you from electricity.
   rN+:       It protects you from negative energy.
   SInv:      It lets you see invisible.
Wands
 p - a wand of warping (3)
 v - a wand of digging (3)
 D - a wand of mindburst (15)
 I - a wand of flame (12)
Scrolls
 a - 2 scrolls of fear {unknown}
 h - 8 scrolls of identify {unknown}
 i - 4 scrolls of teleportation {unknown}
 o - 2 scrolls of immolation {unknown}
 s - a scroll of blinking {unknown}
 u - 2 scrolls of revelation {unknown}
 B - a scroll of torment {unknown}
 G - 3 scrolls of fog {unknown}
Potions
 b - 3 potions of magic
 k - 4 potions of haste {unknown}
 l - 2 potions of curing {unknown}
 n - 2 potions of lignification {unknown}
 q - 2 potions of ambrosia {unknown}
 r - 3 potions of heal wounds {unknown}
 z - a potion of degeneration {unknown}
 A - 2 potions of brilliance {unknown}
 J - 2 potions of might {unknown}
 L - a potion of berserk rage {unknown}


   Skills:
 + Level 4.3 Fighting
 + Level 14.2 Long Blades
 - Level 1.3 Dodging
 - Level 1.4 Stealth
 - Level 4.0 Shields
 - Level 1.7 Spellcasting
 - Level 0.8 Conjurations
 - Level 5.1 Fire Magic
 + Level 4.2 Evocations


You had 10 spell levels left.
You knew the following spells:

 Your Spells              Type           Power      Damage    Failure   Level
b - Scorch                Fire           34%        2d6       4%          2
p - Foxfire               Conj/Fire      44%        2x1d6     8%          1

Your spell library contained the following spells:

 Spells                   Type           Power      Damage    Failure   Level
 Kiss of Death            Conj/Necr      8%         2d6       22%         1
 Slow                     Hex            4%         N/A       26%         1
 Inner Flame              Hex/Fire       9%         N/A       26%         3
 Volatile Blastmotes      Fire/Tloc      18%        2d11      26%         3
 Confusing Touch          Hex            1%         N/A       58%         3
 Ozocubu's Armour         Ice            1%         N/A       58%         3
 Sigil of Binding         Hex            1%         N/A       58%         3
 Tukima's Dance           Hex            1%         N/A       58%         3
 Vampiric Draining        Necr           1%         2d6       58%         3
 Flame Wave               Conj/Fire      11%        2d6       58%         4
 Sticky Flame             Fire/Alch      9%         2d5       65%         4
 Iskenderun's Mystic Bla  Conj/Tloc      2%         2d3       91%         4
 Dimensional Bullseye     Hex/Tloc       0%         N/A       94%         4
 Dispel Undead            Necr           1%         3d6       94%         4
 Passage of Golubria      Tloc           1%         N/A       94%         4
 Metabolic Englaciation   Hex/Ice        0%         N/A       100%        5
 Silence                  Hex/Air        0%         N/A       100%        5
 Sculpt Simulacrum        Ice/Alch       0%         N/A       100%        6
 Lehudib's Crystal Spear  Conj/Erth      1%         10d2      100%        8


Dungeon Overview and Level Annotations

Branches:
Dungeon (10/15)            Temple (0/1) D:7            Lair (0/5) D:9
    Orc: D:9-12

Altars:
Cheibriados
Dithmenos
Kikubaaqudgha
Nemelex Xobeh
Qazlal
Ru
Uskayaw
Wu Jian
Xom
Zin
The Shining One

Shops:
D:1 !   D:8 (


Innate Abilities, Weirdness & Mutations

Your spellcasting is much less encumbered by armour.
You can use scrolls of enchantment on lesser artefacts.


Message History

There are monsters nearby!
There are monsters nearby!
There are monsters nearby!
The gargoyle hurls a stone arrow at you.
The stone arrow is repelled.
You conjure some foxfire!
You hit the wraith.
The wraith is lightly damaged.
The foxfire hits the wraith.
The wraith is lightly damaged.
The foxfire hits the wraith but does no damage.
The wraith is lightly damaged.
You block the wraith's attack.
You completely miss the wraith.
The wraith is lightly damaged.
You slash the wraith!
The wraith is severely damaged.
The gargoyle hurls a stone arrow at you.
The stone arrow hits you!! You block the wraith's attack.
You hit the wraith but do no damage.
The wraith is severely damaged.
The gargoyle hits you with a +0 flail!!
* * * LOW HITPOINT WARNING * * *
The wraith hits you!
* * * LOW HITPOINT WARNING * * *
Okay, then.
You hit the wraith but do no damage.
The wraith is severely damaged.
The gargoyle barely misses you. The wraith hits you!
* * * LOW HITPOINT WARNING * * *
The wraith drains your vigour!
You feel yourself slow down.
You slash the wraith!
You destroy the wraith!
The gargoyle misses you.
Unknown command.
You hit the gargoyle but do no damage. You block the gargoyle's attack.
You hit the gargoyle but do no damage. The gargoyle misses you.
The gargoyle hurls a stone arrow at you.
The stone arrow hits you!!
You die...

....#........## #.#)#
..........#.......#
..........#.#######
....#.#..........# #
#####.#...######.##.#
#####.#.........<.#.#
............####....#
......##..........#
......##...#####@.#
.....# #.........9..#
...#.# #..#........##
...#.# #...........#
...#.# ##.#######..#
...#.# #.# #.# ...#.#
#.# .#
...#.####.####### .#
.....†...........


You could see a gargoyle.

Vanquished Creatures
  2 two-headed ogres (D:8)
  2 elephants (D:9)
  Maggie (D:7)
  3 wyverns
  20 yaks
  A wraith (D:10)
  A steam dragon (D:8)
  Edmund (D:4)
  2 orc warriors (D:9)
  2 water moccasins
  2 black bears (D:9)
  An ice beast (D:5)
  3 sky beasts
  An ogre (D:6)
  3 centaurs
  A phantom (D:5)
  2 kobold brigands
  3 scorpions
  5 wights (D:8)
  4 killer bees (D:8)
  6 howler monkeys (D:9)
  A hound (D:7)
  5 orc priests
  An iguana (D:6)
  2 sleepcaps
  3 gnoll boudas
  9 orc wizards
  13 gnolls
  7 adders
  A shadow imp (D:6)
  2 ufetubi (D:6)
  2 ribbon worms
  A dart slug (D:2)
  29 orcs
  5 bats
  7 endoplasms
  A giant cockroach (D:1)
  12 goblins
  5 hobgoblins
  11 jackals
  10 kobolds
  5 quokkas
  7 ball pythons
  4 frilled lizards
  6 rats
215 creatures vanquished.

Vanquished Creatures (collateral kills)
  2 foxfires (D:9)
2 creatures vanquished.

Vanquished Creatures (others)
  407 foxfires
407 creatures vanquished.

Grand Total: 624 creatures vanquished

Notes
Turn   | Place    | Note
-------+----------+-------------------------------------------
     0 | D:1      | lunkers the Mountain Dwarf Fire Elementalist began the
                  | quest for the Orb.
     0 | D:1      | Reached XP level 1. HP: 14/14 MP: 3/3
   222 | D:1      | Reached XP level 2. HP: 20/20 MP: 0/4
   302 | D:1      | Found Erirudui's Distillery.
  1179 | D:2      | Reached skill level 5 in Fire Magic
  1184 | D:2      | Identified a scroll of acquirement
  1184 | D:2      | Acquired the +4 double sword of Mayhem {drain, rElec Str+6}
  1189 | D:2      | Reached XP level 3. HP: 4/26 MP: 1/5
  1334 | D:2      | Reached skill level 1 in Long Blades
  1619 | D:2      | Found an ancient bone altar of Kikubaaqudgha.
  1961 | D:3      | Reached XP level 4. HP: 31/33 MP: 6/6
  1986 | D:3      | Reached skill level 2 in Long Blades
  2035 | D:3      | Found an ancient bone altar of Kikubaaqudgha.
  2284 | D:3      | Learned a level 2 spell: Scorch
  3078 | D:4      | Reached skill level 3 in Long Blades
  3078 | D:4      | Reached XP level 5. HP: 37/38 MP: 5/7
  3264 | D:4      | Noticed Edmund
  3271 | D:4      | Killed Edmund
  3272 | D:4      | Reached skill level 4 in Long Blades
  3272 | D:4      | Reached XP level 6. HP: 30/45 MP: 1/8
  3585 | D:4      | You fall into a shaft and drop 3 floors!
  3605 | D:7      | Noticed a sky beast
  3611 | D:7      | Killed a sky beast
  3612 | D:7      | Reached skill level 5 in Long Blades
  3648 | D:6      | Noticed a sky beast
  3831 | D:6      | Reached skill level 6 in Long Blades
  3831 | D:6      | Reached XP level 7. HP: 50/50 MP: 2/9
  4048 | D:6      | Found a sacrificial altar of Ru.
  4075 | D:6      | Reached skill level 7 in Long Blades
  4498 | D:6      | Reached XP level 8. HP: 18/57 MP: 1/10
  4863 | D:5      | Entered Level 5 of the Dungeon
  4870 | D:5      | Reached skill level 8 in Long Blades
  5579 | D:5      | Found a sparkling altar of Nemelex Xobeh.
  5585 | D:5      | Found a snail-covered altar of Cheibriados.
  5596 | D:5      | Found an ornate altar of the Wu Jian Council.
  5766 | D:7      | Reached skill level 9 in Long Blades
  5983 | D:7      | Noticed Maggie
  5998 | D:8      | Acquired a +5 ring of evasion
  6001 | D:8      | Acquired 881 gold pieces
  6166 | D:8      | Acquired the +1 pair of boots of Immorality {Rampage Str+5}
  6332 | D:8      | Reached skill level 10 in Long Blades
  6341 | D:8      | Reached XP level 9. HP: 46/62 MP: 4/11
  6360 | D:8      | Reached skill level 11 in Long Blades
  6484 | D:8      | Identified the +0 chain mail of Quantum Leap {Str+2}
  6821 | D:8      | Noticed a two-headed ogre
  6838 | D:8      | Killed a two-headed ogre
  6839 | D:8      | Reached skill level 12 in Long Blades
  6939 | D:8      | Noticed a two-headed ogre
  6956 | D:8      | Killed a two-headed ogre
  6957 | D:8      | Reached skill level 13 in Long Blades
  6957 | D:8      | Reached XP level 10. HP: 15/69 MP: 0/12
  7477 | D:8      | Found a shadowy altar of Dithmenos.
  7481 | D:8      | Found a stormy altar of Qazlal.
  7554 | D:8      | Found Revehala's Antique Weapon Shoppe.
  7745 | D:7      | Found a staircase to the Ecumenical Temple.
  8035 | D:7      | Killed Maggie
  9102 | D:9      | Reached skill level 1 in Shields
  9439 | D:9      | Noticed an elephant
  9453 | D:9      | Killed an elephant
  9583 | D:9      | Noticed an elephant
  9602 | D:9      | Killed an elephant
  9603 | D:9      | Reached skill level 1 in Fighting
  9603 | D:9      | Reached skill level 1 in Evocations
  9604 | D:9      | Found a staircase to the Lair.
  9612 | D:9      | Acquired the ring "Nikenui" {rElec rN+ Dex+6 SInv}
  9869 | D:9      | Reached skill level 14 in Long Blades
 10155 | D:9      | Reached XP level 11. HP: 82/82 MP: 3/13
 10484 | D:8      | Found a hide-covered altar of Uskayaw.
 10484 | D:8      | Found a glowing golden altar of the Shining One.
 10501 | D:10     | Entered Level 10 of the Dungeon
 10507 | D:10     | Found a shimmering altar of Xom.
 10507 | D:10     | Found a glowing silver altar of Zin.
 10507 | D:10     | Noticed an angel
 10790 | D:10     | Killed from afar by a gargoyle

Illustrated notes

Levels and vault maps discovered:
D:1:      wander_arrival_desolate, layout_loops_ring, serial_shops,
          nicolae_shop_temple_entry_statues_fountains, minivault_4,
          kennysheep_minor_cross, nicolae_the_louvre
D:2:      layout_basic, basic_altar, minmay_misc_feat_ornament, minmay_circle_x
D:3:      layout_basic, kiku_gazebo_pond_becter
D:4:      layout_loops_ring, hangedman_abyss_or_decor_jellyfish_corner,
          uniq_edmund
D:5:      layout_basic, minmay_overflow_temple_star_quad
D:6:      layout_basic, mainiacjoe_overflow_24_doors
D:7:      layout_gridville, minmay_temple_entry_sparse_star, uniq_maggie
D:8:      layout_loops_ring, nicolae_overflow_hidden_temple, enter_bailey_3,
          serial_shops, nicolae_square_shop, minmay_misc_feat_pillars
D:9:      layout_roguey, grunt_lair_entry_orc_guard_hut, skrybe_limestone_x,
          minmay_hedge_maze
D:10:     lemuel_reptile_caves, layout_basic,
          grunt_temple_overflow_order_and_chaos_1, grunt_gozag_breadcrumbs,
          ashenzari_conservatory_becter, grunt_decor_cap,
          hangedman_tell_no_tales, uniq_lodul, uniq_joseph

Skill      XL: |  1  2  3  4  5  6  7  8  9 10 11 |
---------------+----------------------------------+-----
Fire Magic     | 4 5 |  5.1
Long Blades    | 1 3 4 6 7 10 13 14 | 14.2
Shields        | 4 |  4.0
Fighting       | 3 4 |  4.3
Evocations     | 3 4 |  4.2
Dodging        | |  1.3
Stealth        | |  1.4
Spellcasting   | |  1.7
Conjurations   | |  0.8

Action                     |  1- 3 |  4- 6 |  7- 9 | 10-12 || total
---------------------------+-------+-------+-------+-------++-------
  Melee: Dagger            |    31 |       |       |       ||    31
         Unarmed           |     1 |       |       |       ||     1
         Double sword      |    24 |    63 |   167 |   187 ||   441
   Cast: Foxfire           |    58 |    50 |    52 |    85 ||   245
         Scorch            |       |     3 |    35 |    25 ||    63
  Evoke: Wand              |       |       |     1 |       ||     1
    Use: Scroll            |     1 |       |     3 |     1 ||     5
   Stab: Sleeping          |     2 |       |       |       ||     2
 Armour: Robe              |    36 |       |       |       ||    36
         Ring mail         |    15 |    60 |    93 |     8 ||   176
         Steam dragon scal |       |       |       |    52 ||    52
  Dodge: Dodged            |    41 |    36 |    99 |    78 ||   254
         Repelled          |       |       |     1 |     3 ||     4
  Block: Other             |     1 |    14 |    29 |     3 ||    47
         Buckler           |       |       |       |    61 ||    61
         Reflection        |       |       |       |    14 ||    14

Table legend: (Time is in decaauts)
 A = Elapsed time spent in this place.
 B = Non-inter-level travel time spent in this place.
 C = Inter-level travel time spent in this place.
 D = Time resting spent in this place.
 E = Time spent auto-exploring this place.
 F = Levels seen in this place.
 G = Mean time per level.
                   A        B        C        D        E       F      G
               +--------+--------+--------+--------+--------+-----+--------+
         Total |  10801 |  10269 |    532 |      0 |   8813 |  10 | 1080.1 |
       Dungeon |  10801 |  10269 |    532 |      0 |   8813 |  10 | 1080.1 |
               +--------+--------+--------+--------+--------+-----+--------+

Top non-repeatable levels by time:
     D:8: 1693 daAuts
     D:7: 1530 daAuts
     D:9: 1425 daAuts
     D:6: 1175 daAuts
     D:3: 1157 daAuts
     D:2: 957 daAuts
     D:1: 898 daAuts
     D:5: 886 daAuts
     D:4: 793 daAuts
    D:10: 284 daAuts
